 Dungeon Crawl Stone Soup version 0.20-a0-386-g2d247ea (webtiles) character file.

2736 Geomchi the Tainter (level 9, -5/55 HPs)
             Began as an Octopode Venom Mage on Dec 30, 2016.
             Slain by piz0's ghost (17 damage)
             ... on level 3 of the Dungeon.
             The game lasted 00:14:39 (8209 turns).

Geomchi the Tainter (Octopode Venom Mage)           Turns: 8209, Time: 00:14:40

Health: -5/55      AC:  1    Str:  7    XL:     9   Next: 67%
Magic:  6/18       EV: 13    Int: 20    God:
Gold:   287        SH:  0    Dex: 13    Spells: 2/20 levels left

rFire  . . .     SeeInvis .     s - +2 dagger (speed)
rCold  . . .     Gourm    +     (no shield)
rNeg   . . .     Faith    .     (helmet restricted)
rPois  .         Spirit   .     x - amulet of the gourmand
rElec  .         Reflect  .     q - ring of protection from magic
rCorr  .         Harm     .     (no ring)
MR     +....     Clarity  +     (no ring)
Stlth  +++.......               (no ring)
                                (no ring)
                                (no ring)
                                (no ring)
                                (no ring)

@: no status effects
A: almost no armour, stealthy swim, amphibious, 8 rings, constrict 8, camouflage
1, clarity, gelatinous body 1
a: no special abilities


You were on level 3 of the Dungeon.
You were completely stuffed.

You visited 2 branches of the dungeon, and saw 7 of its levels.

You collected 287 gold pieces.

Inventory:

Hand Weapons
 s - a +2 dagger of speed (weapon)
Jewellery
 d - an uncursed ring of poison resistance {unknown}
 q - a ring of protection from magic (left tentacle)
 x - an amulet of the gourmand (around mantle)
Wands
 y - a wand of confusion (14/48)
Scrolls
 c - 2 scrolls of teleportation {unknown}
 f - a scroll of magic mapping {unknown}
 g - 2 scrolls of amnesia {unknown}
 j - 3 scrolls of remove curse {unknown}
 m - a scroll of enchant weapon {unknown}
 t - a scroll of recharging {unknown}
 u - a scroll of random uselessness {unknown}
 w - a scroll of enchant armour {unknown}
 z - a scroll of identify
Potions
 e - a potion of resistance {unknown}
 i - a potion of cure mutation
 k - 2 potions of lignification {unknown}
 l - a potion of berserk rage {unknown}
 n - a potion of curing
 o - 2 potions of brilliance {unknown}
Books
 a - a Young Poisoner's Handbook

   Spells                             Type                      Level
   a - Sting                          Conjuration/Poison           1
   b - Mephitic Cloud                 Conjuration/Poison/Air       3
   c - Olgreb's Toxic Radiance        Poison                       4
   d - Alistair's Intoxication        Transmutation/Poison         5
   e - Venom Bolt                     Conjuration/Poison           5
 v - a book of Conjurations

   Spells                             Type                      Level
   a - Magic Dart                     Conjuration                  1
   b - Searing Ray                    Conjuration                  2
   c - Dazzling Spray                 Conjuration/Hexes            3
   d - Fulminant Prism                Conjuration/Hexes            4
   e - Iskenderun's Mystic Blast      Conjuration                  4
   f - Iskenderun's Battlesphere      Conjuration/Charms           5
Comestibles
 b - 5 bread rations {@e1}
 p - 2 beef jerkies
 r - 2 meat rations {@e2}


   Skills:
 * Level 2.4 Fighting
 - Level 2.0 Dodging
 - Level 2.6 Stealth
 - Level 6.0 Spellcasting
 + Level 8.0 Conjurations
 + Level 10.2 Poison Magic


You had 2 spell levels left.
You knew the following spells:

 Your Spells              Type           Power        Failure   Level  Hunger
a - Sting                 Conj/Pois      ####         1%          1    None
b - Mephitic Cloud        Conj/Pois/Air  ####....     2%          3    ##.....
c - Olgreb's Toxic Radia  Pois           #####...     1%          4    ####...
d - Iskenderun's Mystic   Conj           #####...     4%          4    ####...
h - Venom Bolt            Conj/Pois      #####.....   10%         5    #####..
n - Magic Dart            Conj           ####         1%          1    None


Dungeon Overview and Level Annotations

Branches:
Dungeon (6/15)             Temple (1/1) D:6

Altars:
Ashenzari
Dithmenos
Elyvilon
Fedhas
Gozag
Kikubaaqudgha
Makhleb
Nemelex Xobeh
Okawaru
Qazlal
Ru
Sif Muna
Trog
Zin
The Shining One

Annotations:
D:3 piz0's ghost, amateur MiFi


Innate Abilities, Weirdness & Mutations

You cannot wear most types of armour.
You are very stealthy in the water. (Stealth+)
You are amphibious.
You can wear up to eight rings at the same time.
You can use your tentacles to constrict eight enemies at once.
Your skin changes colour to match your surroundings (Stealth+).
Your rubbery body absorbs attacks. (AC +1, EV +1)
You possess an exceptional clarity of mind.


Message History

* * * LOW HITPOINT WARNING * * *
You take 9 damage, and have 10/55 hp.
You now have 7/18 mp.
You feel better.
Piz0's ghost says, "Are you willing to die fighting?
I was!"
Piz0's ghost completely misses you.
You regained 10 hp, and now have 20/55 hp.
Aim: piz0's ghost (almost destroyed)
The magic dart hits piz0's ghost.
Piz0's ghost hits you!
* * * LOW HITPOINT WARNING * * *
You take 13 damage, and have 7/55 hp.
MASSIVE DAMAGE!!
You now have 6/18 mp.
You feel better. Piz0's ghost hits you.
* * * LOW HITPOINT WARNING * * *
You regained 8 hp, and now have 15/55 hp.
You can't see any susceptible monsters within range! (Use Z to cast anyway.)
Aim: piz0's ghost (almost destroyed)
The magic dart hits piz0's ghost.
Piz0's ghost hits you!
* * * LOW HITPOINT WARNING * * *
You take 9 damage, and have 6/55 hp.
You now have 6/18 mp.
You feel better. Piz0's ghost hits you!
You die...

#.. ....#. ### #.## .##....
##.####.##....... #.#
#...........##... #.#
##.####.##......# #.# #......#
#..# #.# ##..###.######..# #.#
##.#.# #........W## #.#
.....###.######.@.## #.####
.###.....#####.....## ##.##.##
.##........##.......## ##......#
.##.#...##.#.........####...##.##
.........<.'.................#.#
.##.....##.#................##.#
.##........##...>...#.####..##.#
.###.#.#######.....##.#####.##.#
.......# ##...###.##.......#


You could see piz0's ghost.

Vanquished Creatures
  Pikel (D:4)
  Prince Ribbit (D:5)
  Eustachio (D:4)
  2 ice beasts (D:6)
  2 orc warriors (D:6)
  A slave (D:4)
  2 phantoms
  4 centaurs
  2 bullfrogs (D:6)
  A big kobold (D:6)
  A gnoll sergeant (D:6)
  2 scorpions (D:6)
  A crimson imp (D:5)
  A centaur zombie (D:4)
  A bullfrog zombie (D:6)
  2 hounds (D:6)
  A bullfrog skeleton (D:5)
  2 orc priests
  An iguana (D:6)
  5 orc wizards
  3 worker ants
  A hound zombie (D:5)
  Robin (D:4)
  8 adders
  5 gnolls (D:6)
  An adder skeleton (D:6)
  2 worms (D:3)
  4 dart slugs
  4 leopard geckos
  16 orcs
  A ball python (D:5)
  4 giant cockroaches
  8 hobgoblins
  A quokka (D:6)
  6 bats
  6 frilled lizards
  16 goblins
  10 kobolds
  A quokka skeleton (D:4)
  6 rats
138 creatures vanquished.

Vanquished Creatures (others)
  A slave (D:4)
  An orc (D:4)
2 creatures vanquished.

Grand Total: 140 creatures vanquished

Notes
Turn   | Place    | Note
-------+----------+-------------------------------------------
     0 | D:1      | Geomchi the Octopode Venom Mage began the quest for the Orb.
     0 | D:1      | Reached XP level 1. HP: 11/11 MP: 3/3
    85 | D:1      | Reached skill level 5 in Poison Magic
   218 | D:1      | Reached skill level 1 in Conjurations
   218 | D:1      | Reached XP level 2. HP: 16/17 MP: 0/5
   754 | D:1      | Reached XP level 3. HP: 21/21 MP: 0/6
   759 | D:1      | Learned a level 3 spell: Mephitic Cloud
  1834 | D:3      | Reached XP level 4. HP: 26/27 MP: 0/7
  2142 | D:3      | Found an opulent altar of Gozag.
  2390 | D:3      | Noticed piz0's ghost (amateur MiFi)
  2905 | D:3      | Reached XP level 5. HP: 19/31 MP: 2/8
  2911 | D:3      | Learned a level 4 spell: Olgreb's Toxic Radiance
  3230 | D:4      | Reached skill level 6 in Poison Magic
  3307 | D:4      | Noticed Robin
  3325 | D:4      | Killed Robin
  3820 | D:4      | Reached XP level 6. HP: 23/36 MP: 0/9
  3937 | D:4      | Noticed a slave
  3939 | D:4      | Noticed a phantom
  3973 | D:4      | Noticed Pikel
  3973 | D:4      | Noticed a slave
  3974 | D:4      | Noticed a slave
  4005 | D:4      | Noticed a slave
  4005 | D:4      | Killed a slave
  4011 | D:4      | Killed Pikel
  4011 | D:4      | Reached skill level 5 in Conjurations
  4011 | D:4      | Reached skill level 7 in Poison Magic
  4011 | D:4      | Reached XP level 7. HP: 18/41 MP: 2/12
  4205 | D:4      | Found a white marble altar of Elyvilon.
  4568 | D:4      | Noticed Eustachio
  4581 | D:4      | Killed Eustachio
  4581 | D:4      | Reached XP level 8. HP: 46/46 MP: 5/14
  4682 | D:4      | Learned a level 5 spell: Venom Bolt
  4786 | D:4      | Learned a level 1 spell: Magic Dart
  4879 | D:4      | Reached skill level 8 in Poison Magic
  5209 | D:5      | Entered Level 5 of the Dungeon
  5589 | D:5      | You fall through a shaft!
  5589 | D:6      | Found a staircase to the Ecumenical Temple.
  5593 | Temple   | Entered the Ecumenical Temple
  5901 | D:6      | Reached skill level 5 in Spellcasting
  6065 | D:6      | Gained mutation: You possess an exceptional clarity of mind. [potion of beneficial mutation]
  6120 | D:6      | Reached skill level 9 in Poison Magic
  6373 | D:6      | Reached XP level 9. HP: 40/51 MP: 11/17
  6519 | D:6      | Learned a level 4 spell: Iskenderun's Mystic Blast
  7180 | D:6      | Found a bloodstained altar of Trog.
  7189 | D:6      | Reached skill level 1 in Fighting
  7738 | D:5      | Noticed Prince Ribbit
  7745 | D:5      | Killed Prince Ribbit
  7745 | D:5      | Reached skill level 10 in Poison Magic
  8209 | D:3      | Slain by piz0's ghost

Vault maps used:
D:1:      minmay_arrival_stone_box, st_stairs_7
D:3:      grunt_gozag_statues
D:4:      cheibrodos_quashed, lemuel_crystal_altar, first_bread, uniq_robin,
          uniq_pikel, uniq_eustachio
D:5:      nicolae_ossuary_entry_false_entrances, uniq_prince_ribbit1
D:6:      trog_eyes_of_draining
Temple:   minmay_temple_bridge_abc

Skill      XL: |  1  2  3  4  5  6  7  8  9 |
---------------+----------------------------+-----
Poison Magic   | 5 6 7 9 10 | 10.2
Conjurations   | 1 2 3 4 5 7 8 |  8.0
Spellcasting   | 3 4 5 6 |  6.0
Fighting       | 2 |  2.4
Dodging        | |  2.0
Stealth        | |  2.6

Action                   |  1- 3 |  4- 6 |  7- 9 || total
-------------------------+-------+-------+-------++-------
Melee: Unarmed           |    10 |       |       ||    10
       Dagger            |    12 |    30 |    39 ||    81
       Tentacles         |     4 |     2 |     7 ||    13
       Constrict         |     4 |     7 |     7 ||    18
 Cast: Sting             |    79 |    62 |    86 ||   227
       Mephitic Cloud    |       |     1 |     6 ||     7
       Olgreb's Toxic Ra |       |     5 |    11 ||    16
       Magic Dart        |       |       |    81 ||    81
       Venom Bolt        |       |       |     2 ||     2
       Iskenderun's Myst |       |       |     9 ||     9
  Use: Potion            |       |     2 |     4 ||     6
       Scroll            |       |       |     4 ||     4
 Stab: Confused          |       |       |     1 ||     1
  Eat: Chunk             |     4 |     8 |    23 ||    35
       Meat ration       |       |       |     1 ||     1
Armor: Skin              |     8 |     1 |     3 ||    12
Dodge: Dodged            |    44 |    23 |    63 ||   130
